 Dungeon Crawl Stone Soup version 0.27-a0-25-g087482e4d5 (webtiles) character file.

Game seed: 18037913921369260927

85187 DocSulfur the Unseen (level 16, -2/97 HPs)
             Began as a Kobold Enchanter on Jan 2, 2021.
             Was the Champion of Dithmenos.
             Slain by an orc warrior
             ... wielding a +0 glaive
             ... led by an orc warlord
              (16 damage)
             ... on level 2 of the Orcish Mines.
             The game lasted 02:58:42 (32209 turns).

DocSulfur the Unseen (Kobold Enchanter)            Turns: 32209, Time: 02:58:42

Health: -2/97      AC:  6    Str: 13    XL:     16   Next: 30%
Magic:  28/28      EV: 25    Int: 21    God:    Dithmenos [******]
Gold:   1668       SH:  8    Dex: 26    Spells: 11/32 levels left

rFire    . . .     SeeInvis +   y - +10 dagger "Leloegoy" {vorpal, rElec rPois Str+2}
rCold    . . .     Faith    .   Q - +0 buckler
rNeg     . . .     Spirit   .   W - +1 leather armour of Knowledge {Str+4 SInv} (curse)
rPois    +         Reflect  .   U - +1 hat "Zopunud" {Regen+ Int+4}
rElec    +         Harm     .   (no cloak)
rCorr    .         Rampage  .   (no gloves)
Will     +....                  P - +0 pair of boots Stlth *******+++
                                k - amulet of regeneration
HPRegen  1.06/turn              c - ring of stealth
MPRegen  0.21/turn              T - +6 ring of dexterity

@: very slightly contaminated, wreathed by umbra
A: small, nightstalker 3
a: Renounce Religion, Shadow Step, Shadow Form


You were on level 2 of the Orcish Mines.
You worshipped Dithmenos.
Dithmenos was exalted by your worship.
You visited 4 branches of the dungeon, and saw 22 of its levels.
You also visited: Gauntlet and Ice Cave.

You collected 1668 gold pieces.

Inventory:

Hand Weapons
 o - a +2 dagger of venom
 v - a +2 dagger of freezing
 y - the +10 dagger "Leloegoy" (weapon) {vorpal, rElec rPois Str+2}
   (You found it on level 5 of the Dungeon)

   It inflicts extra damage upon your enemies.
   It affects your strength (+2).
   It insulates you from electricity.
   It protects you from poison.
Missiles
 d - 51 poisoned darts
 G - 4 throwing nets (quivered)
 J - 2 atropa-tipped darts
 V - 10 curare-tipped darts
 Y - 8 datura-tipped darts
Armour
 w - a +2 robe of resistance
 A - +0 acid dragon scales
 P - a +0 pair of boots (worn)
 Q - a +0 buckler (worn)
 U - the +1 hat "Zopunud" (worn) {Regen+ Int+4}
   (You found it in an ice cave)

   It affects your intelligence (+4).
   It increases your rate of regeneration.
 W - the cursed +1 leather armour of Knowledge (worn) {Str+4 SInv}
   (You found it on level 4 of the Lair of Beasts)

   It affects your strength (+4).
   It lets you see invisible.
   It has a curse placed upon it.
Jewellery
 b - the ring of Fragile Peace {Fire rPois Will+}
   (You found it on level 1 of the Lair of Beasts)

   [ring of fire]

   It enhances your fire magic.
   It protects you from fire.
   It makes you vulnerable to cold.
   It protects you from poison.
   It affects your willpower, your defense against some magical effects.
 c - a ring of stealth (left hand)
 k - an amulet of regeneration (around neck)
 p - the ring "Ukhluf" {rPois rN+}
   (You found it in a Gauntlet)

   [ring of poison resistance]

   It protects you from poison.
   It protects you from negative energy.
 r - an uncursed ring of see invisible
 T - a +6 ring of dexterity (right hand)
Wands
 i - a wand of paralysis (8)
 l - a wand of disintegration (41)
 t - a wand of enslavement (25)
 z - a wand of flame (8)
 C - a wand of iceblast (27)
 D - a wand of digging (16)
 I - a wand of acid (15)
Scrolls
 e - 2 scrolls of fear
 f - 3 scrolls of remove curse
 g - 14 scrolls of teleportation
 j - 6 scrolls of magic mapping
 s - 8 scrolls of identify
 u - 3 scrolls of immolation
 F - 4 scrolls of fog
 S - 2 scrolls of vulnerability
Potions
 a - 3 potions of brilliance
 h - 6 potions of lignification
 m - 13 potions of curing
 n - 7 potions of flight
 q - a potion of berserk rage
 x - 5 potions of might
 H - 3 potions of mutation
 L - 8 potions of ambrosia
 N - 2 potions of magic
 O - 2 potions of resistance


   Skills:
 - Level 10.0 Fighting
 + Level 11.7 Short Blades
 - Level 6.0 Throwing
 - Level 10.0 Dodging
 - Level 16.1 Stealth
 - Level 5.6 Shields
 * Level 8.5 Spellcasting
 - Level 7.0 Conjurations
 * Level 12.4 Hexes
 - Level 8.0 Ice Magic
 - Level 6.3 Evocations


You had 11 spell levels left.
You knew the following spells:

 Your Spells              Type           Power        Failure   Level
a - Corona                Hex            63%          1%          1
b - Ensorcelled Hibernat  Hex/Ice        100%         1%          2
c - Confusing Touch       Hex            57%          1%          3
d - Tukima's Dance        Hex            57%          1%          3
e - Dazzling Flash        Conj/Hex       98%          1%          3
f - Ozocubu's Armour      Ice            42%          1%          3
g - Invisibility          Hex            57%          9%          6

Your spell library contained the following spells:

 Spells                   Type           Power        Failure   Level
 Freeze                   Ice            100%         1%          1
 Slow                     Hex            57%          1%          2
 Frozen Ramparts          Ice            84%          1%          3
 Cause Fear               Hex            28%          1%          4
 Foxfire                  Conj/Fire      92%          2%          1
 Inner Flame              Hex/Fire       35%          2%          3
 Portal Projectile        Hex/Tloc       70%          2%          3
 Summon Guardian Golem    Hex/Summ       35%          2%          3
 Hailstorm                Conj/Ice       40%          4%          4
 Metabolic Englaciation   Hex/Ice        25%          4%          5
 Conjure Flame            Conj/Fire      23%          7%          3
 Stone Arrow              Conj/Erth      46%          7%          3
 Leda's Liquefaction      Hex/Erth       17%          8%          4
 Sandblast                Erth           16%          10%         1
 Summon Small Mammal      Summ           32%          10%         1
 Mephitic Cloud           Conj/Pois/Air  18%          11%         3
 Call Imp                 Summ           8%           14%         2
 Passwall                 Tmut/Erth      6%           14%         2
 Poisonous Vapours        Pois/Air       16%          14%         2
 Swiftness                Air            8%           14%         2
 Summon Ice Beast         Ice/Summ       25%          19%         4
 Yara's Violent Unravell  Hex/Tmut       17%          21%         5
 Sticky Flame             Conj/Fire      23%          22%         4
 Call Canine Familiar     Summ           8%           28%         3
 Gell's Gravitas          Tloc           4%           28%         3
 Fireball                 Conj/Fire      11%          54%         5
 Passage of Golubria      Tloc           N/A          67%         4
 Petrify                  Tmut/Erth      8%           67%         4
 Summon Lightning Spire   Summ/Air       8%           67%         4
 Freezing Cloud           Conj/Ice/Air   14%          88%         6
 Lee's Rapid Deconstruct  Erth           4%           95%         5


Dungeon Overview and Level Annotations

Branches:
Dungeon (13/15)            Temple (1/1) D:7            Lair (6/6) D:9
  Swamp (0/4) Lair:3       Spider (0/4) Lair:2        Slime (0/5) Lair:6
    Orc (2/2) D:10            Elf (0/3) Orc:2         IceCv (visited)
Gauntlet (visited)
 Vaults: D:13-14

Altars:
Ashenzari
Cheibriados
Dithmenos
Elyvilon
Fedhas
Gozag
Hepliaklqana
Kikubaaqudgha
Makhleb
Nemelex Xobeh
Okawaru
Qazlal
Ru
Sif Muna
Trog
Uskayaw
Vehumet
Wu Jian
Xom
Yredelemnul
Zin
The Shining One
Jiyva

Shops:
D:12 (

Annotations:
D:5 2 transporters
D:13 Azrael
Orc:2 Jorgrun


Innate Abilities, Weirdness & Mutations

You are small and have problems with some larger weapons.
You are completely attuned to the shadows.


Message History

Okay, then.
The orc wizard gestures at itself while chanting.
The orc wizard flickers and vanishes for a moment.
The warg completely misses you. The warg closely misses you.
The orc priest calls down the wrath of Beogh upon you.
Beogh smites you!
* * * LOW HITPOINT WARNING * * *
You hear a shout!
The warg bites you!
* * * LOW HITPOINT WARNING * * *
The orc priest invokes the aid of Beogh against you.
Beogh smites you!
* * * LOW HITPOINT WARNING * * *
There is a stone staircase leading up here.
The warg completely misses you.
The orc wizard gestures wildly while chanting.
The orc wizard seems to speed up.
The warg completely misses you.
The orc warrior hits you from afar with a +0 glaive!
You die...

....$....
...#....#
###........
...#....$..
.......@..^.
#....ooh....
......o.....
....o.o.....
....o...o.##
.......$..#
.....o.o..#
.....o.....#
#...oo.....#


You could see a warg, 5 orc warriors, an orc priest and an orc wizard (fast,
invisible).

Vanquished Creatures
  A frost giant (IceCv)
  A minotaur (Lair:5)
  Erolcha (D:10)
  The ghost of Immag the Tainter, a journeyman OpVM of Sif Muna (Lair:1)
  4 hydras
  2 boulder beetles
  A merfolk avatar (Lair:6)
  2 two-headed ogres
  2 centaur warriors
  Urug (Lair:2)
  3 unseen horrors
  2 sea snakes (Lair:6)
  3 ugly things
  4 cyclopes
  21 elephants
  3 manticores
  5 black mambas
  2 centaur zombies
  A kobold demonologist (D:13)
  3 gargoyles
  17 cane toads
  A torpor snail (Lair:4)
  9 rime drakes
  14 komodo dragons
  A demonic crawler (Lair:2)
  2 ice devils (Gauntlet)
  3 trolls
  3 meliai (Lair:5)
  A queen bee (Lair:5)
  23 polar bears
  Grinder (D:4)
  21 blink frogs
  Prince Ribbit (D:5)
  12 dream sheep
  3 hornets
  6 slime creatures (D:11)
  A spriggan (Lair:1)
  A fire elemental (D:13)
  61 yaks
  9 basilisks
  A wraith (D:11)
  6 wyverns
  Grum (D:10)
  2 steam dragons (Lair:2)
  Menkaure (D:7)
  3 soldier ants
  3 hell hounds (D:13)
  An acid dragon (D:13)
  An eye of draining (D:10)
  3 sky beasts
  18 water moccasins
  13 ice beasts
  11 orc warriors
  3 phantoms
  An eye of draining (shapeshifter) (D:13)
  6 black bears
  10 ogres
  24 wolves
  3 centaurs
  A big kobold (D:12)
  32 bullfrogs
  A cane toad simulacrum (Lair:1)
  A wyvern skeleton (D:11)
  5 scorpions
  51 killer bees
  An elephant simulacrum (Lair:1)
  A rime drake simulacrum (Lair:1)
  12 wights
  2 howler monkeys
  6 hounds
  2 quasits (D:10)
  2 wyvern simulacra (Lair:1)
  A water moccasin simulacrum (Lair:1)
  A gnoll shaman (D:3)
  14 orc priests
  7 jellies
  20 orc wizards
  4 bullfrog skeletons
  3 centaur skeletons
  2 iguanas
  Natasha (thrice) (D:2)
  10 worker ants
  2 hound skeletons
  A howler monkey zombie (D:7)
  12 adders
  46 gnolls
  3 shadow imps
  7 white imps
  An ufetubus (D:6)
  3 oozes
  An adder skeleton (D:9)
  An adder zombie (D:7)
  5 worms
  2 dart slugs (D:3)
  5 leopard geckos
  57 orcs
  8 bats
  8 giant cockroaches
  14 goblins
  10 hobgoblins
  23 jackals
  7 quokkas
  A ball python skeleton (D:4)
  6 frilled lizards
  13 kobolds
  2 leopard gecko zombies
  A quokka skeleton (D:4)
  4 rats
789 creatures vanquished.

Vanquished Creatures (collateral kills)
  Pikel (D:5)
  Maggie (D:6)
  A rime drake (Lair:2)
  A queen bee (Lair:2)
  A blink frog (Lair:2)
  A killer bee (Lair:2)
  4 gnolls (D:3)
  A river rat (Lair:2)
11 creatures vanquished.

Vanquished Creatures (others)
  A rime drake (Lair:1)
  4 dancing weapons
  2 killer bees (Lair:2)
  3 orcs (D:11)
  103 fungi
  139 plants
252 creatures vanquished.

Grand Total: 1052 creatures vanquished

Notes
Turn   | Place    | Note
-------+----------+-------------------------------------------
     0 | D:1      | DocSulfur the Kobold Enchanter began the quest for the Orb.
     0 | D:1      | Reached XP level 1. HP: 10/10 MP: 3/3
    34 | D:1      | Reached XP level 2. HP: 9/15 MP: 1/5
   278 | D:1      | Reached skill level 1 in Ice Magic
   547 | D:1      | Reached XP level 3. HP: 14/19 MP: 3/6
  1027 | D:1      | Learned a level 2 spell: Ensorcelled Hibernation
  1031 | D:1      | Learned a level 3 spell: Confusing Touch
  1258 | D:2      | Found a shimmering blue altar of Sif Muna.
  1930 | D:2      | Noticed Natasha
  1932 | D:2      | Reached skill level 1 in Conjurations
  1950 | D:2      | Killed Natasha
  1951 | D:2      | Reached XP level 4. HP: 10/24 MP: 0/7
  2462 | D:2      | Noticed Natasha
  2479 | D:2      | Killed Natasha
  2480 | D:2      | Reached XP level 5. HP: 25/28 MP: 6/9
  2516 | D:2      | Noticed Natasha
  2524 | D:2      | Killed Natasha
  2610 | D:3      | Learned a level 3 spell: Tukima's Dance
  2628 | D:3      | Found a snail-covered altar of Cheibriados.
  2732 | D:3      | Found a sacrificial altar of Ru.
  2782 | D:3      | Reached XP level 6. HP: 10/32 MP: 2/10
  3243 | D:3      | Found a blossoming altar of Fedhas.
  3331 | D:3      | Noticed a fire elemental
  3332 | D:3      | Found a stormy altar of Qazlal.
  3332 | D:3      | Noticed an air elemental
  3335 | D:3      | Noticed a water elemental
  4453 | D:5      | Entered Level 5 of the Dungeon
  4571 | D:4      | Noticed an ogre
  4619 | D:4      | Killed an ogre
  4620 | D:4      | Reached skill level 5 in Hexes
  4620 | D:4      | Reached XP level 7. HP: 28/36 MP: 2/12
  4706 | D:4      | Found a bloodstained altar of Trog.
  4872 | D:4      | Noticed Grinder
  6013 | D:4      | Killed Grinder
  6014 | D:4      | Reached XP level 8. HP: 41/41 MP: 14/14
  6053 | D:5      | Found a hide-covered altar of Uskayaw.
  6520 | D:5      | Noticed Prince Ribbit
  6588 | D:5      | Noticed Pikel
  6618 | D:5      | Killed Pikel
  6619 | D:5      | Reached skill level 5 in Spellcasting
  6984 | D:5      | Reached XP level 9. HP: 40/45 MP: 12/16
  7073 | D:5      | Got a pitted dagger
  7073 | D:5      | Identified the +10 dagger "Leloegoy" {vorpal, rElec rPois
                  | Str+2} (You found it on level 5 of the Dungeon)
  7079 | D:5      | Found a transporter.
  7085 | D:5      | Noticed a two-headed ogre
  7088 | D:5      | Found a sparkling altar of Nemelex Xobeh.
  7089 | D:5      | Noticed a troll
  7117 | D:5      | Found a transporter.
  7269 | D:5      | Learned a level 3 spell: Dazzling Flash
  7286 | D:5      | Killed Prince Ribbit
  7472 | D:6      | Found a sacrificial altar of Ru.
  7487 | D:6      | Reached skill level 5 in Stealth
  7730 | D:6      | Noticed Maggie
  7739 | D:6      | Killed Maggie
  7840 | D:6      | Found a radiant altar of Vehumet.
  7907 | D:6      | Reached skill level 6 in Stealth
  7951 | D:6      | Found a shadowy altar of Dithmenos.
  7955 | D:6      | Became a worshipper of Dithmenos the Shadowed
  8235 | D:6      | Reached skill level 5 in Short Blades
  8255 | D:6      | Reached skill level 7 in Stealth
  8625 | D:7      | Reached * piety under Dithmenos
  8675 | D:7      | Found a staircase to the Ecumenical Temple.
  8681 | Temple   | Entered the Ecumenical Temple
  9339 | D:7      | Noticed Menkaure
  9343 | D:7      | Killed Menkaure
  9344 | D:7      | Reached skill level 1 in Evocations
  9410 | D:7      | Reached skill level 8 in Stealth
  9410 | D:7      | Reached XP level 10. HP: 50/50 MP: 19/19
 10223 | D:3      | Reached ** piety under Dithmenos
 10469 | D:3      | Reached skill level 9 in Stealth
 11605 | D:8      | Reached skill level 5 in Evocations
 11710 | D:8      | Reached skill level 10 in Stealth
 11950 | D:8      | Found a glowing silver altar of Zin.
 12226 | D:9      | Noticed a boulder beetle
 12507 | D:9      | Killed a boulder beetle
 12508 | D:9      | Reached skill level 1 in Fighting
 12573 | D:9      | Reached *** piety under Dithmenos
 12892 | D:9      | Found a staircase to the Lair.
 12906 | D:9      | Reached XP level 11. HP: 60/60 MP: 17/20
 13471 | D:10     | Entered Level 10 of the Dungeon
 13509 | D:10     | Reached skill level 5 in Conjurations
 13511 | D:10     | Reached skill level 5 in Ice Magic
 13661 | D:10     | Noticed Erolcha
 13665 | D:10     | Killed Erolcha
 13677 | D:10     | Reached skill level 5 in Fighting
 13817 | D:10     | Reached **** piety under Dithmenos
 13834 | D:10     | Noticed a cyclops
 14152 | D:10     | Noticed Grum
 14164 | D:10     | Killed Grum
 14313 | D:10     | Noticed a manticore
 14317 | D:10     | Killed a manticore
 14506 | D:10     | Reached XP level 12. HP: 71/71 MP: 17/21
 14721 | D:10     | Found a staircase to the Orcish Mines.
 14956 | D:10     | Noticed a centaur warrior
 14969 | D:10     | Killed a centaur warrior
 14970 | D:10     | Reached skill level 10 in Short Blades
 16276 | D:11     | Noticed a two-headed ogre
 16293 | D:11     | Killed a two-headed ogre
 17264 | D:11     | Noticed an unseen horror
 17272 | D:11     | Killed an unseen horror
 17595 | D:12     | Reached skill level 5 in Dodging
 17728 | D:12     | Reached skill level 10 in Hexes
 17749 | D:12     | Found a frozen archway.
 17818 | IceCv    | Entered an ice cave
 18042 | IceCv    | Reached skill level 10 in Fighting
 18042 | IceCv    | Reached XP level 13. HP: 82/82 MP: 16/22
 18199 | IceCv    | Reached ***** piety under Dithmenos
 18815 | IceCv    | Reached skill level 10 in Dodging
 19022 | IceCv    | Noticed a frost giant
 19050 | IceCv    | Killed a frost giant
 19360 | IceCv    | Got a faintly glowing hat
 19365 | IceCv    | Identified the +1 hat "Zopunud" {Regen+ Int+4} (You found
                  | it in an ice cave)
 19959 | D:12     | Found Mesmaxze's Antique Weapon Emporium.
 20499 | Lair:1   | Entered Level 1 of the Lair of Beasts
 20618 | Lair:1   | Learned a level 3 spell: Ozocubu's Armour
 20773 | Lair:1   | Found a runed translucent gate.
 20774 | Lair:1   | Found a runed translucent gate.
 20775 | Lair:1   | Found a runed translucent gate.
 20937 | Lair:1   | Reached skill level 1 in Throwing
 21035 | Lair:1   | Noticed a boulder beetle
 21043 | Lair:1   | Killed a boulder beetle
 21044 | Lair:1   | Reached skill level 11 in Stealth
 21826 | Lair:2   | Found a hole to the Spider Nest.
 21896 | Lair:2   | Reached XP level 14. HP: 88/88 MP: 24/24
 22259 | Lair:2   | Noticed Urug
 22261 | Lair:2   | Killed Urug
 22960 | Lair:3   | Reached skill level 12 in Stealth
 23111 | Lair:3   | Reached ****** piety under Dithmenos
 23267 | Lair:3   | Found a staircase to the Swamp.
 23298 | Lair:3   | Reached skill level 5 in Throwing
 24549 | Lair:5   | Reached skill level 13 in Stealth
 24666 | Lair:5   | Found a gate leading to a gauntlet.
 24672 | Gauntlet | Entered a Gauntlet
 24672 | Gauntlet | Found a transporter.
 24688 | Gauntlet | Found a transporter.
 24700 | Gauntlet | Found a transporter.
 24712 | Gauntlet | Found a transporter.
 24724 | Gauntlet | Found a transporter.
 24732 | Gauntlet | Found a runed translucent door.
 24742 | Gauntlet | Found a transporter.
 24896 | Gauntlet | Found a transporter.
 24896 | Gauntlet | Found a transporter.
 24962 | Gauntlet | Found a transporter.
 24986 | Gauntlet | Found a transporter.
 25055 | Gauntlet | Found a transporter.
 25061 | Gauntlet | Found a transporter.
 25162 | Gauntlet | Found a transporter.
 25247 | Gauntlet | Found a transporter.
 25282 | Gauntlet | Noticed a minotaur
 25301 | Gauntlet | Got a brightly glowing ivory ring
 26032 | Lair:4   | Reached XP level 15. HP: 92/92 MP: 16/27
 26237 | Lair:4   | Got a slimy leather armour
 26303 | Lair:4   | Reached skill level 14 in Stealth
 26346 | Lair:4   | Found an iron altar of Okawaru.
 26996 | D:9      | Identified the ring "Ukhluf" {rPois rN+} (You found it in a
                  | Gauntlet)
 27070 | D:9      | Identified the cursed +1 leather armour of Knowledge {Str+4
                  | SInv} (You found it on level 4 of the Lair of Beasts)
 27628 | Lair:1   | Noticed Immag's ghost (journeyman OpVM)
 27644 | Lair:1   | Killed Immag's ghost
 27645 | Lair:1   | Reached skill level 15 in Stealth
 27704 | Lair:1   | Got the ring of Fragile Peace {Fire}
 27720 | Lair:1   | Identified the ring of Fragile Peace {Fire rPois Will+}
                  | (You found it on level 1 of the Lair of Beasts)
 27911 | Lair:5   | Reached skill level 1 in Shields
 28578 | Lair:6   | Entered Level 6 of the Lair of Beasts
 29663 | Lair:6   | Reached XP level 16. HP: 97/97 MP: 26/28
 29702 | Lair:6   | Found a staircase to the Slime Pits.
 29704 | Lair:6   | Found a viscous altar of Jiyva.
 29786 | Lair:6   | Reached skill level 16 in Stealth
 29786 | Lair:6   | Reached skill level 5 in Shields
 30152 | Lair:6   | Learned a level 6 spell: Invisibility
 30172 | Lair:6   | Got a pitted fustibalus
 30578 | D:9      | Identified the +8 fustibalus "Xanootwa" {venom, rF+ Int+4}
                  | (You found it on level 6 of the Lair of Beasts)
 31728 | D:13     | Noticed Azrael
 31955 | Orc:1    | Entered Level 1 of the Orcish Mines
 32122 | Orc:2    | Entered Level 2 of the Orcish Mines
 32152 | Orc:2    | Found a staircase to the Elven Halls.
 32180 | Orc:2    | Noticed Jorgrun
 32209 | Orc:2    | Slain by an orc warrior

Illustrated notes

Levels and vault maps discovered:
D:1:      psy_arrival_fountain, layout_basic, hangedman_decor_riveting,
          kennysheep_crisscross
D:2:      layout_rooms, lemuel_blue_sif_altar, uniq_natasha
D:3:      lemuel_castle_with_subvaults [lemuel_castle_interior_original],
          layout_loops_ring, kennysheep_slug_shrine,
          nicolae_qazlal_style_of_elements, nicolae_overflow_hidden_temple,
          nicolae_ru_great_annihilating_truth
D:4:      layout_cave_pools, general_overflow_altar, uniq_grinder
D:5:      layout_rooms, eat_drink_and_be_merry_uskayaw,
          gammafunk_temple_overflow_arena, uniq_prince_ribbit1, uniq_pikel
D:6:      layout_cave_pools, grunt_dithmenos_smoke_and_mirrors, kennysheep_mini,
          serial_column_ruins, column_ruins_square_medium,
          column_ruins_temple_circle, column_ruins_open_tiny,
          column_ruins_columns_T, column_ruins_open_tiny, column_ruins_grid_1,
          column_ruins_open_large, column_ruins_open_tiny,
          column_ruins_open_tiny, lightli_minifort, uniq_maggie
D:7:      layout_gridville, minmay_temple_entry_water_ring,
          hangedman_decor_lopped, uniq_menkaure
D:8:      layout_cave_pools, kennysheep_mini_moat
D:9:      layout_rooms, due_lair_maze_entry_diamond
D:10:     minmay_chambers_of_sevens, layout_loops_ring, david_orc_4,
          nicolae_zen_rock_garden, uniq_grum, uniq_erolcha
D:11:     layout_basic
D:12:     layout_basic, serial_shops, kennysheep_little_box, enter_bailey_5,
          portal_ice_cave_entry_ice_beasts
D:13:     layout_cave_pods, uniq_azrael
Temple:   hc_temple_tempest_star
Lair:1:   layout_cave_pods, gammafunk_ghost_icy,
          grunt_forest_large_clearing_hut, serial_bayou_shore_a
Lair:2:   regret_index_combs_of_tragedy, layout_regular_city,
          nicolae_spider_entry_non_spiders, uniq_urug
Lair:3:   layout_regular_city, swamp_mist_pool, grunt_megastairs_3
Lair:4:   layout_hall_layers, amcnicky_altar_gilded
Lair:5:   layout_loops_ring, special_room [special_room_bee],
          gauntlet_entry_generic, infiniplex_staircase_pool_2
Lair:6:   gammafunk_lair_ancient_temple, layout_regular_city, slime_altar_1
Orc:1:    layout_caves
Orc:2:    st_orc_elflike, layout_caves, serial_shops, nicolae_shop_behind_doors,
          david_defended_altar_orc, uniq_jorgrun

Skill      XL: |  1  2  3  4  5  6  7  8  9 10 11 12 13 14 15 16 |
---------------+-------------------------------------------------+-----
Ice Magic      | 1 2 3 4 5 6 7 8 |  8.0
Conjurations   | 1 3 4 5 6 7 |  7.0
Hexes          | 4 5 6 7 8 9 10 11 12 | 12.4
Spellcasting   | 3 4 5 6 7 8 |  8.5
Short Blades   | 5 7 9 10 11 | 11.7
Stealth        | 8 10 11 13 15 16 | 16.1
Evocations     | 1 6 |  6.3
Fighting       | 3 6 10 | 10.0
Dodging        | 5 10 | 10.0
Throwing       | 3 6 |  6.0
Shields        | 4 5 |  5.6

Action                   |  1- 3 |  4- 6 |  7- 9 | 10-12 | 13-15 | 16-18 || total
-------------------------+-------+-------+-------+-------+-------+-------++-------
Melee: Dagger            |   109 |   154 |   220 |   606 |   815 |   173 ||  2077
Throw: Dart              |       |     2 |       |       |     5 |       ||     7
       Throwing net      |       |       |       |       |     1 |     1 ||     2
 Cast: Corona            |    14 |     9 |     4 |    17 |     8 |       ||    52
       Ensorcelled Hiber |     7 |    10 |    14 |    17 |     5 |       ||    53
       Confusing Touch   |     1 |     8 |    19 |    56 |    97 |    20 ||   201
       Tukima's Dance    |       |     3 |     9 |    11 |       |       ||    23
       Dazzling Flash    |       |       |     1 |    43 |    85 |     9 ||   138
       Invisibility      |       |       |       |       |       |     4 ||     4
Invok: Shadow Step       |       |       |       |     3 |     1 |     1 ||     5
Evoke: Wand              |       |       |     4 |     8 |    28 |       ||    40
  Use: Scroll            |       |     5 |     4 |     6 |    17 |     6 ||    38
       Potion            |       |       |     2 |     1 |     7 |     1 ||    11
 Stab: Sleeping          |    11 |    22 |    45 |    63 |   127 |    24 ||   292
       Confused          |     1 |     7 |    16 |    38 |    85 |    15 ||   162
       Distracted        |       |     2 |       |     1 |     7 |     3 ||    13
       Invisible         |       |       |     1 |    34 |    84 |    16 ||   135
       Held in net/web   |       |       |       |       |     2 |     1 ||     3
       Betrayed ally     |       |       |       |       |     1 |       ||     1
Armor: Robe              |    14 |    17 |    10 |       |       |       ||    41
       Acid dragon scale |       |       |    19 |    63 |    70 |       ||   152
       Leather armour    |       |       |       |       |    15 |     5 ||    20
Dodge: Dodged            |    99 |    80 |   119 |   355 |   734 |    82 ||  1469
Block: Buckler           |       |       |       |       |    18 |    32 ||    50

Table legend: (Time is in decaauts)
 A = Elapsed time spent in this place.
 B = Non-inter-level travel time spent in this place.
 C = Inter-level travel time spent in this place.
 D = Time resting spent in this place.
 E = Time spent auto-exploring this place.
 F = Levels seen in this place.
 G = Mean time per level.
                   A        B        C        D        E       F      G
               +--------+--------+--------+--------+--------+-----+--------+
         Total |  31445 |  29674 |   1771 |   4972 |  13444 |  24 | 1310.2 |
       Dungeon |  19461 |  18337 |   1124 |   3028 |   9075 |  13 | 1497.0 |
        Temple |    426 |    403 |     23 |      0 |    394 |   1 |  426.0 |
          Lair |   9055 |   8433 |    622 |    814 |   3915 |   6 | 1509.2 |
  Orcish Mines |    236 |    234 |      2 |      0 |      9 |   2 |  118.0 |
      Ice Cave |   1670 |   1670 |      0 |    959 |     51 |   1 | 1670.0 |
      Gauntlet |    595 |    595 |      0 |    171 |      0 |   1 |  595.0 |
               +--------+--------+--------+--------+--------+-----+--------+

Top non-repeatable levels by time:
     D:3: 3408 daAuts
    D:10: 2352 daAuts
    D:11: 1801 daAuts
  Lair:5: 1739 daAuts
  Lair:6: 1727 daAuts
   IceCv: 1670 daAuts
  Lair:1: 1626 daAuts
     D:9: 1585 daAuts
     D:1: 1497 daAuts
     D:5: 1465 daAuts
     D:4: 1442 daAuts
  Lair:4: 1382 daAuts
  Lair:2: 1327 daAuts
  Lair:3: 1252 daAuts
     D:6: 1181 daAuts
